 Dungeon Crawl Stone Soup version 0.25.1-2-g60ff931df9 (webtiles) character file.

Game seed: 8584981086983125347

116 Joeren the Firebug (level 5, 0/35 HPs)
             Began as a Formicid Fire Elementalist on Aug 26, 2020.
             Slain by a worm (2 damage)
             ... on level 2 of the Dungeon.
             The game lasted 00:12:02 (2592 turns).

Joeren the Firebug (Formicid Fire Elementalist)     Turns: 2592, Time: 00:12:04

Health: 0/35       AC:  3    Str: 12    XL:     5   Next: 20%
Magic:  6/10       EV: 12    Int: 16    God:
Gold:   92         SH:  0    Dex: 13    Spells: 6/10 levels left

rFire    . . .     SeeInvis +   a - +0 dagger
rCold    + . .     Gourm    .   (no shield)
rNeg     . . .     Faith    .   i - +0 robe
rPois    .         Spirit   .   (helmet unavailable)
rElec    .         Reflect  .   j - +0 cloak (curse)
rCorr    .         Harm     .   (no gloves)
MR       +....                  (no boots)
Stlth    ++........             (no amulet)
HPRegen  0.11/turn              f - ring of protection from magic
MPRegen  0.12/turn              (no ring)

@: no status effects
A: permanent stasis, dig shafts and tunnels, four strong arms, antennae 3, agile
1, cold resistance 1, sturdy frame 1
a: Dig, Shaft Self


You were on level 2 of the Dungeon.
You were hungry.

You visited 1 branch of the dungeon, and saw 3 of its levels.

You collected 92 gold pieces.

Inventory:

Hand Weapons
 a - a +0 dagger (weapon)
 b - a +0 short sword
Missiles
 h - 67 stones (quivered)
Armour
 g - a +1 chain mail of cold resistance
 i - a +0 robe (worn)
 j - a cursed +0 cloak (worn)
Jewellery
 f - a ring of protection from magic (left hand)
Scrolls
 e - 3 scrolls of enchant weapon {unknown}
Comestibles
 c - 3 rations


   Skills:
 - Level 1.7 Dodging
 - Level 2.4 Stealth
 + Level 3.4 Spellcasting
 + Level 2.4 Conjurations
 + Level 4.0 Fire Magic


You had 6 spell levels left.
You knew the following spells:

 Your Spells              Type           Power        Failure   Level  Hunger
a - Foxfire               Conj/Fire      ##..         4%          1    None
b - Conjure Flame         Conj/Fire      ##......     14%         3    ###....

Your spell library contained the following spells:

 Spells                   Type           Power        Failure   Level  Hunger
 Inner Flame              Hex/Fire       #.......     24%         3    ###....
 Sticky Flame             Conj/Fire      ##......     43%         4    ####...
 Fireball                 Conj/Fire      ##........   80%         5    ######.


Dungeon Overview and Level Annotations

Branches:
Dungeon (3/15)

Altars:
Makhleb


Innate Abilities, Weirdness & Mutations

You cannot be hasted, slowed, berserked, paralysed or teleported.
You can dig through walls and to a lower floor.
Your four strong arms can wield two-handed weapons with a shield.
You have a pair of large antennae on your head. (SInv)
You are agile. (Dex +2)
Your flesh is cold resistant. (rC+)
Your movements are slightly less encumbered by armour. (ER -2)


Message History

The foxfire hits the worm but does no damage.
The worm is severely wounded.
The orc wizard barely misses you.
You hit the orc wizard.
The orc wizard is moderately wounded.
The orc wizard hits you but does no damage.
The worm bites you.
You hit the orc wizard.
The orc wizard is heavily wounded.
The orc wizard hits you with a +0 dagger.
* * * LOW HITPOINT WARNING * * *
The orc wizard hits you with a +0 dagger.
* * * LOW HITPOINT WARNING * * *
Casting: Foxfire (safe; 4% risk of failure)
Confirm with . or Enter, or press ? or * to list all spells.
You conjure some foxfire!
The orc wizard hits you with a +0 dagger.
* * * LOW HITPOINT WARNING * * *
The worm bites you.
You die...

......# #.####.# #...#.#
..##..# #.# #.## #####.#
..##.## #.# #..## ###v###
..##..###.# ##..# #..§..#
..###...#.######.# #...§.#
#..##........###.####..[..#
##..................#.....#
###...........wv.........#
#...........>.o@...#...>.#
##.#........)...v...#.....#
...##.........#######.....#
.#####...#...## #.....# ##
######### #######


You could see a worm and an orc wizard (fast).

Vanquished Creatures
  An orc priest (D:2)
  2 adders (D:2)
  3 oozes
  2 adder skeletons (D:2)
  2 orcs (D:2)
  A ball python (D:1)
  2 bat skeletons (D:2)
  4 giant cockroaches
  5 goblins (D:1)
  6 hobgoblins
  A quokka (D:2)
  4 bats
  2 frilled lizards
  A jackal skeleton (D:2)
  3 kobolds
  3 leopard gecko zombies (D:2)
  10 rats
52 creatures vanquished.

Vanquished Creatures (others)
  151 foxfires
151 creatures vanquished.

Grand Total: 203 creatures vanquished

Notes
Turn   | Place    | Note
-------+----------+-------------------------------------------
     0 | D:1      | Joeren the Formicid Fire Elementalist began the quest for
                  | the Orb.
     0 | D:1      | Reached XP level 1. HP: 13/13 MP: 3/3
    57 | D:1      | Reached skill level 1 in Conjurations
   148 | D:1      | Reached XP level 2. HP: 19/19 MP: 1/5
   754 | D:1      | Reached XP level 3. HP: 24/24 MP: 5/7
  1508 | D:2      | Learned a level 3 spell: Conjure Flame
  1647 | D:2      | Reached XP level 4. HP: 14/30 MP: 0/8
  1658 | D:2      | Gained mutation: You are agile. (Dex +2) [potion of
                  | mutation]
  1658 | D:2      | Gained mutation: Your movements are slightly less
                  | encumbered by armour. (ER -2) [potion of mutation]
  1658 | D:2      | Gained mutation: Your flesh is cold resistant. (rC+)
                  | [potion of mutation]
  1981 | D:2      | Reached XP level 5. HP: 35/35 MP: 1/10
  2522 | D:2      | Found a burning altar of Makhleb.
  2586 | D:2      | Reached skill level 4 in Fire Magic
  2592 | D:2      | Slain by a worm

Illustrated notes

Levels and vault maps discovered:
D:1:      dpeg_arrival_ratfight, layout_loops_ring
D:2:      layout_rooms, lightli_temple_of_fire, nicolae_overflow_hidden_temple,
          first_ration, serial_undead, serial_undead_b, serial_undead_f,
          serial_undead_e, serial_undead_b
D:3:      layout_rooms, minitemple, lemuel_crystal_altar,
          gammafunk_temple_overflow_forgotten

Skill      XL: |  1  2  3  4  5 |
---------------+----------------+-----
Conjurations   | 1 2 |  2.4
Spellcasting   | 3 |  3.4
Fire Magic     | 4 |  4.0
Dodging        | |  1.7
Stealth        | |  2.4

Action                   |  1- 3 |  4- 6 || total
-------------------------+-------+-------++-------
Melee: Unarmed           |    15 |       ||    15
       Dagger            |    13 |    48 ||    61
 Cast: Foxfire           |    47 |    42 ||    89
  Use: Potion            |       |     2 ||     2
       Scroll            |       |     3 ||     3
  Eat: Chunk             |     2 |     3 ||     5
Armor: Robe              |    14 |    12 ||    26
Dodge: Dodged            |    36 |    45 ||    81
